 Dungeon Crawl Stone Soup version 0.26.1-16-g4e020e15dc (webtiles) character file.

Game seed: 14686618018472241605

548 Legs the Cudgeller (level 7, 61/61 HPs)
             Began as a Minotaur Berserker on Jan 18, 2021.
             Was an Elder of Trog.
             Quit the game on level 4 of the Dungeon on Oct 15, 2023.
             The game lasted 00:18:39 (4052 turns).

Legs the Cudgeller (Minotaur Berserker)             Turns: 4052, Time: 00:18:39

Health: 61/61      AC: 13    Str: 23    XL:     7   Next: 7%
Magic:  6/6        EV:  8    Int:  4    God:    Trog [****..]
Gold:   253        SH:  0    Dex: 10    Spells: 6/6 levels left

rFire    . . .     SeeInvis .   r - +4 quarterstaff (chaos)
rCold    . . .     Faith    .   (shield currently unavailable)
rNeg     . . .     Spirit   .   v - +0 plate armour
rPois    .         Reflect  .   (helmet restricted)
rElec    .         Harm     .   (no cloak)
rCorr    .         Rampage  .   o - +0 pair of gloves
Will     .....                  (no boots)
Stlth    ..........             (no amulet)
HPRegen  0.20/turn              d - ring of stealth
MPRegen  0.10/turn              (no ring)

@: no status effects
A: retaliatory headbutt, horns 2
a: Renounce Religion, Berserk, Trog's Hand, Brothers in Arms


You were on level 4 of the Dungeon.
You worshipped Trog.
Trog was greatly pleased with you.
You visited 1 branch of the dungeon, and saw 4 of its levels.

You collected 253 gold pieces.

Inventory:

Hand Weapons
 a - a +1 vampiric hand axe
 r - a +4 quarterstaff of chaos (weapon)
Missiles
 b - 5 boomerangs
 c - 10 silver javelins (quivered)
Armour
 e - a +0 pair of gloves
 o - a +0 pair of gloves (worn)
 v - a +0 plate armour (worn)
Jewellery
 d - a ring of stealth (left hand)
Scrolls
 i - 3 scrolls of remove curse {unknown}
 j - 3 scrolls of identify {unknown}
 k - a scroll of amnesia {unknown}
 m - a scroll of random uselessness {unknown}
 n - 2 scrolls of fear {unknown}
 q - 2 scrolls of fog {unknown}
 s - a scroll of magic mapping {unknown}
 u - a scroll of enchant weapon {unknown}
Potions
 f - a potion of berserk rage {unknown}
 g - a potion of flight {unknown}
 h - 3 potions of curing {unknown}
 l - 2 potions of cancellation {unknown}
 p - a potion of brilliance {unknown}
 t - a potion of lignification {unknown}


   Skills:
 + Level 5.3 Fighting
 + Level 5.4(6.0) Maces & Flails
 + Level 3.6(5.0) Staves
 + Level 4.4 Armour
 + Level 3.5 Dodging
 + Level 2.0 Stealth


You had 6 spell levels left.
You didn't know any spells.
Your spell library was empty.

Dungeon Overview and Level Annotations

Branches:
Dungeon (4/15)
 Temple: D:4-7

Altars:
Kikubaaqudgha
Ru


Innate Abilities, Weirdness & Mutations

You reflexively headbutt those who attack you in melee.
You have a pair of horns on your head.


Message History

Press ? for a list of commands and other information.
Welcome back, Legs the Minotaur Berserker.
Trog says: Kill them all!
Press ? for a list of commands and other information.
Welcome back, Legs the Minotaur Berserker.
Trog says: Kill them all!
Press ? for a list of commands and other information. (m)acro, keymap [(k) default, (x) level-map, (t)argeting, (c)onfirm, m(e)nu], (s)ave?
Unknown command.
Saving game... please wait.
Welcome back, Legs the Minotaur Berserker.
Trog says: Kill them all!
Press ? for a list of commands and other information. (m)acro, keymap [(k) default, (x) level-map, (t)argeting, (c)onfirm, m(e)nu], (s)ave?
Unknown command.
Saving game... please wait.
Welcome back, Legs the Minotaur Berserker.
Trog says: Kill them all!
Press ? for a list of commands and other information.
Are you sure you want to abandon this character and quit the game? (Confirm with "yes".)

.... ## ⌠.. #. ...
#. .. #.##.## .....
#..# #@# #.#
#######.# ##
..r...#r#######.#
#.# #......(...#.###
#.#
#...#####+###..##
#.# #.......+
+<....## #.# #.#
##..#####+#.....[###
#.# #.#
#..#...........)...


You could see a quokka.

Vanquished Creatures
  Menkaure (D:4)
  An ogre (D:3)
  Crazy Yiuf (D:2)
  Terence (D:2)
  Jessica (D:3)
  2 orc wizards (D:3)
  Robin (D:3)
  A gnoll (D:1)
  6 adders
  2 oozes
  2 worms
  A dart slug (D:2)
  7 leopard geckos
  16 orcs
  3 giant cockroaches
  14 goblins
  10 hobgoblins
  7 jackals (D:2)
  4 kobolds
  4 quokkas
  A ball python (D:3)
  10 bats
  3 frilled lizards
  8 rats
107 creatures vanquished.

Notes
Turn   | Place    | Note
-------+----------+-------------------------------------------
     0 | D:1      | Legs the Minotaur Berserker began the quest for the Orb.
     0 | D:1      | Reached XP level 1. HP: 19/19 MP: 0/0
   360 | D:1      | Reached XP level 2. HP: 27/27 MP: 1/1
   854 | D:1      | Reached XP level 3. HP: 29/33 MP: 2/2
  1538 | D:2      | Reached ** piety under Trog
  1716 | D:2      | Reached XP level 4. HP: 41/41 MP: 3/3
  1736 | D:2      | Found a faded altar of an unknown god.
  1875 | D:2      | Noticed Terence
  1887 | D:2      | Killed Terence
  2008 | D:2      | Reached skill level 5 in Maces & Flails
  2263 | D:2      | Reached XP level 5. HP: 47/47 MP: 4/4
  2269 | D:2      | Reached skill level 1 in Stealth
  2475 | D:2      | Found a runed translucent door.
  2476 | D:2      | Noticed Crazy Yiuf
  2481 | D:2      | Killed Crazy Yiuf
  2908 | D:3      | Reached *** piety under Trog
  2909 | D:3      | Reached skill level 5 in Fighting
  2975 | D:3      | Noticed Robin
  2978 | D:3      | Reached skill level 1 in Staves
  2984 | D:3      | Killed Robin
  3007 | D:3      | Noticed Jessica
  3011 | D:3      | Killed Jessica
  3012 | D:3      | Reached XP level 6. HP: 29/56 MP: 5/5
  3272 | D:3      | Found a sacrificial altar of Ru.
  3924 | D:4      | Noticed Menkaure
  3927 | D:4      | Killed Menkaure
  3928 | D:4      | Reached XP level 7. HP: 61/61 MP: 6/6
  3950 | D:4      | Found an ancient bone altar of Kikubaaqudgha.
  3999 | D:4      | Found Qeiryat's Weapon Emporium.
  4020 | D:4      | Reached **** piety under Trog
  4052 | D:4      | Upgraded the game from 0.26.0-16-gc1dbca0489 to
                  | 0.26.0-41-g79a4fc7684
  4052 | D:4      | Upgraded the game from 0.26.0-41-g79a4fc7684 to
                  | 0.26.1-15-g04117e645d
  4052 | D:4      | Upgraded the game from 0.26.1-15-g04117e645d to
                  | 0.26.1-16-g4e020e15dc
  4052 | D:4      | Quit the game

Illustrated notes

Levels and vault maps discovered:
D:1:      minmay_arrival_plants_in_alcoves, layout_loops_corners,
          serial_co_window_serial, co_window_paths_b,
          co_window_of_opportunity_a, co_window_paths_a, co_window_paths_b,
          co_window_of_opportunity_a, co_window_unsneaky_path_d,
          co_window_paths_c, co_window_of_opportunity_c, co_window_paths_c,
          glass_columns_a, corexii_corridor_pit
D:2:      minmay_angry_zag, layout_basic,
          chequers_ecumenical_altar_simple_redux, uniq_terence,
          uniq_crazy_yiuf_cottage
D:3:      layout_basic, nicolae_ru_awakened_eye, uniq_jessica, uniq_robin
D:4:      layout_loops_ring, kiku_gazebo_garden_becter,
          minmay_temple_entry_large_hall, serial_shops,
          nicolae_shop_behind_doors, kennysheep_mini, nicolae_shop_behind_doors,
          shop, uniq_pikel, uniq_menkaure

Skill      XL: |  1  2  3  4  5  6 |
---------------+-------------------+-----
Fighting       | 4 5 |  5.3
Maces & Flails | 4 5 |  5.4
Dodging        | 3 |  3.5
Stealth        | 1 2 |  2.0
Armour         | 3 4 |  4.4
Staves         | 1 3 |  3.6

Action                   |  1- 3 |  4- 6 |  7- 9 || total
-------------------------+-------+-------+-------++-------
Melee: Mace              |    60 |    45 |       ||   105
       Headbutt          |     9 |    12 |       ||    21
       Quarterstaff      |       |    70 |     7 ||    77
 Stab: Sleeping          |     1 |     5 |       ||     6
Armor: Animal skin       |    24 |     8 |       ||    32
       Ring mail         |       |    38 |       ||    38
       Plate armour      |       |       |     2 ||     2
Dodge: Dodged            |    56 |    95 |     1 ||   152
